Texas Stars vs Seattle Thunderbirds

Created - 24 janvier 2020 at 12:56

Goals
1 2 3 T
Texas Stars 0 1 3 4
Seattle Thunderbirds 4 3 1 8
Shots
1 2 3 T
Texas Stars 10 6 18 34
Seattle Thunderbirds 14 20 6 40

1st period

1. Seattle Thunderbirds , Jacob Larsson 2 (Sam Carrick 38, T.J. Tynan 48) at 2:14 (PP)
2. Seattle Thunderbirds , Jesperi Kotkaniemi 14 (Josh Leivo 34, Steve Bernier 37) at 14:42
3. Seattle Thunderbirds , T.J. Tynan 18 (Stefan Noesen 27, Matt Tennyson 10) at 15:43
4. Seattle Thunderbirds , Matt Read 24 (Brooks Macek 21, Emil Pettersson 14) at 16:15

Penalties :
Jacob MacDonald (THU) for Fighting (Major) at 0:16, Glenn Gawdin (STA) for Fighting (Major) at 0:16, Spencer Smallman (STA) for Hooking (Minor) at 1:57, Cal Foote (STA) for Interference (Minor) at 5:26, Steve Bernier (THU) for Fighting (Major) at 16:28, Colin Blackwell (STA) for Fighting (Major) at 16:28, Steve Bernier (THU) for instigated a fight (Minor) at 16:28, Steve Bernier (THU) for instigated a fight (10 Minutes Misconduct) at 16:28

2nd period

5. Texas Stars , Glenn Gawdin 20 (Laurent Dauphin 18) at 0:07
6. Seattle Thunderbirds , Stefan Noesen 31 (T.J. Tynan 49) at 9:10
7. Seattle Thunderbirds , Stefan Noesen 32 (Sam Carrick 39, Jacob Larsson 26) at 14:41
8. Seattle Thunderbirds , Sam Carrick 31 (Stefan Noesen 28) at 16:39

Penalties :
Josh Leivo (THU) for Fighting (Major) at 0:03, Connor Brickley (STA) for Fighting (Major) at 0:03, Andrew Campbell (THU) for Fighting (Major) at 14:59, Cal Foote (STA) for Fighting (Major) at 14:59, Sam Carrick (THU) for Fighting (Major) at 17:45, Francois Beauchemin (STA) for Fighting (Major) at 17:45

3rd period

9. Texas Stars , Josh Currie 26 (Brad Hunt 18, Joshua Jacobs 2) at 1:44
10. Seattle Thunderbirds , Jesperi Kotkaniemi 15 (Josh Leivo 35) at 8:48 (PP)
11. Texas Stars , Colin Blackwell 20 (Ryan Murphy 26, Glenn Gawdin 21) at 9:02
12. Texas Stars , Glenn Gawdin 21 (Colin Blackwell 28, Connor Brickley 27) at 16:23 (PP)

Penalties :
Steve Bernier (THU) for Fighting (Major) at 1:45, Glenn Gawdin (STA) for Fighting (Major) at 1:45, Ty Dellandrea (STA) for Hooking (Minor) at 8:38, Francois Beauchemin (STA) for Goalie Interference (Minor) at 11:44, Matt Irwin (THU) for Holding (Minor) at 15:56, Josh Leivo (THU) for Fighting (Major) at 19:58, Ty Dellandrea (STA) for Fighting (Major) at 19:58

Goalie Stats

Malcolm Subban (STA), 10 saves from 14 shots - (0,714), 16:15 minutes
Nick Schneider (STA), 22 saves from 26 shots - (0,846), L, 4-5-3, 43:45 minutes
Mitch Gillam (THU), 30 saves from 34 shots - (0,882), W, 27-9-3, 60:00 minutes

Players Stats for Texas Stars

Player Name              G  A  P  +/- PIM S  H  SB GA TA FO     MP     PP MP  PK MP  
------------------------------------------------------------------------------------
Brad Hunt                0  1  1   0  0   3  0  0  0  1  0/0    14:44   0:00   0:00 
Cal Foote                0  0  0   0  7   1  2  2  0  0  0/0    25:15   1:38   1:19 
Cale Fleury              0  0  0  -3  0   1  0  1  1  2  0/0    20:25   0:48   2:13 
Colin Blackwell          1  1  2  -1  5   5  2  1  0  0  1/1    19:05   0:27   1:22 
Connor Brickley          0  1  1  -1  5   3  1  2  1  0  7/33   20:19   1:26   2:16 
Francois Beauchemin      0  0  0  -3  7   0  1  3  0  0  0/0    17:13   0:48   1:06 
Glenn Gawdin             2  1  3   0  10  8  2  1  0  0  3/4    18:12   1:29   1:57 
Josh Currie              1  0  1   0  0   3  1  1  1  1  0/0    14:57   0:45   0:00 
Joshua Jacobs            0  1  1   0  0   0  0  0  0  0  0/0    13:07   0:00   1:50 
Laurent Dauphin          0  1  1  -2  0   2  2  1  0  1  5/7    14:21   0:51   0:00 
Luke Johnson             0  0  0   0  0   1  2  1  0  0  7/18   16:36   0:45   1:22 
Luke Witkowski           0  0  0   0  0   1  4  0  0  0  0/0    16:13   0:45   0:44 
Michael Dal Colle        0  0  0  -3  0   1  2  0  1  0  1/2    11:59   0:17   1:19 
Phil Varone              0  0  0  -2  0   2  0  0  0  0  0/1    11:50   0:33   0:00 
Ryan Murphy              0  1  1   0  0   1  2  0  2  3  0/0    28:38   1:38   2:12 
Spencer Smallman         0  0  0   0  2   1  3  0  0  0  0/0    10:50   0:00   0:00 
Tobias Lindberg          0  0  0   0  0   1  0  0  1  1  0/0    10:51   0:00   0:00 
Ty Dellandrea            0  0  0   0  7   0  1  0  0  0  4/7    10:49   0:00   0:00 

Players Stats for Seattle Thunderbirds

Player Name              G  A  P  +/- PIM S  H  SB GA TA FO     MP     PP MP  PK MP  
------------------------------------------------------------------------------------
Andrew Campbell          0  0  0   1  5   1  0  0  0  0  0/0     2:13   0:00   0:00 
Brooks Macek             0  1  1   1  0   3  1  1  1  0  0/0    11:47   0:10   0:00 
Emil Pettersson          0  1  1   0  0   1  1  1  0  1  5/8    17:21   0:10   0:13 
Jacob Larsson            1  1  2   1  0   1  2  1  2  1  0/0    27:46   2:39   1:41 
Jacob MacDonald          0  0  0   0  5   0  3  2  0  0  0/0    22:55   2:22   1:41 
Jesperi Kotkaniemi       2  0  2  -1  0   4  0  1  0  1  19/31  21:46   2:19   1:27 
Joey LaLeggia            0  0  0   1  0   1  1  0  0  0  0/0    20:01   1:46   0:45 
Josh Leivo               0  2  2   0  10  5  0  3  1  1  1/1    18:21   2:19   0:15 
Logan Brown              0  0  0  -2  0   1  2  0  0  0  2/4    11:26   0:10   0:00 
Logan Stanley            0  0  0   1  0   0  1  0  0  1  0/0    12:13   0:00   0:00 
Matt Irwin               0  0  0   1  2   0  1  0  0  0  0/0    14:48   0:17   0:00 
Matt Read                1  0  1   1  0   4  1  1  2  0  2/2    14:17   0:00   0:48 
Matt Tennyson            0  1  1   1  0   1  2  0  0  1  0/0    20:01   1:46   0:45 
Peter Cehlarik           0  0  0   0  0   2  0  0  0  0  0/0     8:14   0:00   0:00 
Sam Carrick              1  2  3   4  5   3  3  1  2  0  12/22  16:18   1:56   0:08 
Stefan Noesen            2  2  4   3  0   6  1  0  1  0  1/1    20:19   1:56   0:44 
Steve Bernier            0  1  1   0  22  1  3  1  0  0  1/2    17:33   2:19   0:27 
T.J. Tynan               1  2  3   3  0   6  3  1  0  1  2/2    20:07   1:56   0:50 

3 Stars

1 - Stefan Noesen (THU)
2 - T.J. Tynan (THU)
3 - Sam Carrick (THU)

Power Play

Texas Stars - 1 on 2 Attempt(s) - 50,00%
Seattle Thunderbirds - 2 on 4 Attempt(s) - 50,00%

Penalty Kill

Texas Stars - 2 on 4 Attempt(s) - 50,00% - Score 0 goal in Penalty Kill
Seattle Thunderbirds - 1 on 2 Attempt(s) - 50,00% - Score 0 goal in Penalty Kill

Team Stat

Texas Stars - Hits : 25 - Faceoff Wins : 28 - Blocked Shots : 13 - Penalty Minutes : 43
Seattle Thunderbirds - Hits : 25 - Faceoff Wins : 45 - Blocked Shots : 13 - Penalty Minutes : 49

Official

Referees : Kendrick Nicholson and Jean Hebert
Linesman : Greg Devorski and Ryan Gibbons

Game Notes

Jacob MacDonald and Glenn Gawdin fight to a draw at 0:16 of 1st period
Nick Schneider enters game at 16:15 of 1st period
Steve Bernier and Colin Blackwell fight to a draw at 16:28 of 1st period
Josh Leivo and Connor Brickley fight to a draw at 0:03 of 2nd period
Cal Foote beats up Andrew Campbell at 14:59 of 2nd period
Sam Carrick and Francois Beauchemin fight to a draw at 17:45 of 2nd period
Steve Bernier and Glenn Gawdin fight to a draw at 1:45 of 3rd period
9:02 of 3rd period - Texas Stars goal is going for a video replay. After video review, Goal.
Ty Dellandrea beats up Josh Leivo at 19:58 of 3rd period

Finance

Level 1 -- Attendance: 1686 (84,30%) -- Ticket Income 59 010 $
Level 2 -- Attendance: 789 (78,90%) -- Ticket Income 11 835 $
Total Attendance: 2475 (82,50%)
Total Ticket Income: 70 845 $
Other Income: 34 714 $
Total Income: 105 559 $

Texas Stars

5 vs 5 Forward 
   Center                   Left Wing                Right Wing               Time % Phy DF OF 
 1 Connor Brickley          Colin Blackwell          Glenn Gawdin             40     1   2  2  
 2 Luke Johnson             Luke Witkowski           Josh Currie              30     1   2  2  
 3 Laurent Dauphin          Phil Varone              Michael Dal Colle        20     1   2  2  
 4 Ty Dellandrea            Tobias Lindberg          Spencer Smallman         10     1   2  2  

5 vs 5 Defense 
   Defense                  Defense                                           Time % Phy DF OF 
 1 Ryan Murphy              Cal Foote                                         40     1   2  2  
 2 Francois Beauchemin      Cale Fleury                                       30     1   2  2  
 3 Brad Hunt                Joshua Jacobs                                     20     1   2  2  
 4 Ryan Murphy              Cal Foote                                         10     1   2  2  

PowerPlay Forward 
   Center                   Left Wing                Right Wing               Time % Phy DF OF 
 1 Connor Brickley          Colin Blackwell          Glenn Gawdin             60     1   2  2  
 2 Luke Johnson             Luke Witkowski           Josh Currie              40     1   2  2  

PowerPlay Defense
   Defense                  Defense                                           Time % Phy DF OF 
 1 Ryan Murphy              Cal Foote                                         60     1   2  2  
 2 Francois Beauchemin      Cale Fleury                                       40     1   2  2  

Penalty Kill 4 Players Forward 
   Center                   Wing                     Time % Phy DF OF 
 1 Connor Brickley          Glenn Gawdin             60     1   2  2  
 2 Colin Blackwell          Luke Johnson             40     1   2  2  

Penalty Kill 4 Players Defense
   Defense                  Defense                  Time % Phy DF OF 
 1 Ryan Murphy              Cal Foote                60     1   2  2  
 2 Francois Beauchemin      Cale Fleury              40     1   2  2  

Penalty Kill - 3 Players Forward 
   Forward                                           Time % Phy DF OF 
 1 Connor Brickley                                   60     1   2  2  
 2 Glenn Gawdin                                      40     1   2  2  

Penalty Kill - 3 Players Defense
   Defense                  Defense                  Time % Phy DF OF 
 1 Ryan Murphy              Cal Foote                60     1   2  2  
 2 Francois Beauchemin      Cale Fleury              40     1   2  2  

4 vs 4 Forward 
   Center                   Wing                     Time % Phy DF OF 
 1 Connor Brickley          Glenn Gawdin             60     1   2  2  
 2 Colin Blackwell          Luke Johnson             40     1   2  2  

4 vs 4 Defense
   Defense                  Defense                  Time % Phy DF OF 
 1 Ryan Murphy              Cal Foote                60     1   2  2  
 2 Francois Beauchemin      Cale Fleury              40     1   2  2  

Last Minutes Offensive
   Center                   Left Wing                Right Wing               Defense                  Defense                  
   Connor Brickley          Colin Blackwell          Glenn Gawdin             Ryan Murphy              Cal Foote                

Last Minutes Defensive
   Center                   Left Wing                Right Wing               Defense                  Defense                  
   Connor Brickley          Colin Blackwell          Glenn Gawdin             Ryan Murphy              Cal Foote                

Goaltenders
Starting : Malcolm Subban           
Backup : Nick Schneider           

Extra Forwards
Normal : Laurent Dauphin, Phil Varone, Michael Dal Colle - PP : Laurent Dauphin, Phil Varone - PK : Michael Dal Colle
Extra Defensemen
Normal : Brad Hunt, Joshua Jacobs, Luke Witkowski - PP : Brad Hunt - PK : Joshua Jacobs, Luke Witkowski
Penalty Shots
Ryan Murphy, Connor Brickley, Glenn Gawdin, Colin Blackwell, Luke Johnson

Scratches
Alan Quine (Exhaustion), Danick Martel (Healthy), Joseph Cramarossa (Healthy), Alex Breton (Healthy), Dustin Tokarski (Healthy)
Richard Bachman (Healthy), Martin Ouellette (Healthy)

Seattle Thunderbirds

5 vs 5 Forward 
   Center                   Left Wing                Right Wing               Time % Phy DF OF 
 1 Jesperi Kotkaniemi       Josh Leivo               Steve Bernier            40     1   2  2  
 2 Sam Carrick              Stefan Noesen            T.J. Tynan               30     1   2  2  
 3 Emil Pettersson          Matt Read                Brooks Macek             20     1   2  2  
 4 Logan Brown              Peter Cehlarik           Steve Bernier            10     1   2  2  

5 vs 5 Defense 
   Defense                  Defense                                           Time % Phy DF OF 
 1 Jacob Larsson            Jacob MacDonald                                   40     1   2  2  
 2 Joey LaLeggia            Matt Tennyson                                     30     1   2  2  
 3 Matt Irwin               Logan Stanley                                     20     1   2  2  
 4 Andrew Campbell          Jacob Larsson                                     10     1   2  2  

PowerPlay Forward 
   Center                   Left Wing                Right Wing               Time % Phy DF OF 
 1 Jesperi Kotkaniemi       Josh Leivo               Steve Bernier            60     1   2  2  
 2 Sam Carrick              Stefan Noesen            T.J. Tynan               40     1   2  2  

PowerPlay Defense
   Defense                  Defense                                           Time % Phy DF OF 
 1 Jacob Larsson            Jacob MacDonald                                   60     1   2  2  
 2 Joey LaLeggia            Matt Tennyson                                     40     1   2  2  

Penalty Kill 4 Players Forward 
   Center                   Wing                     Time % Phy DF OF 
 1 Steve Bernier            Jesperi Kotkaniemi       60     1   2  2  
 2 Josh Leivo               Sam Carrick              40     1   2  2  

Penalty Kill 4 Players Defense
   Defense                  Defense                  Time % Phy DF OF 
 1 Jacob Larsson            Jacob MacDonald          60     1   2  2  
 2 Joey LaLeggia            Matt Tennyson            40     1   2  2  

Penalty Kill - 3 Players Forward 
   Forward                                           Time % Phy DF OF 
 1 Steve Bernier                                     60     1   2  2  
 2 Jesperi Kotkaniemi                                40     1   2  2  

Penalty Kill - 3 Players Defense
   Defense                  Defense                  Time % Phy DF OF 
 1 Jacob Larsson            Jacob MacDonald          60     1   2  2  
 2 Joey LaLeggia            Matt Tennyson            40     1   2  2  

4 vs 4 Forward 
   Center                   Wing                     Time % Phy DF OF 
 1 Steve Bernier            Jesperi Kotkaniemi       60     1   2  2  
 2 Josh Leivo               Sam Carrick              40     1   2  2  

4 vs 4 Defense
   Defense                  Defense                  Time % Phy DF OF 
 1 Jacob Larsson            Jacob MacDonald          60     1   2  2  
 2 Joey LaLeggia            Matt Tennyson            40     1   2  2  

Last Minutes Offensive
   Center                   Left Wing                Right Wing               Defense                  Defense                  
   Jesperi Kotkaniemi       Josh Leivo               Steve Bernier            Jacob Larsson            Jacob MacDonald          

Last Minutes Defensive
   Center                   Left Wing                Right Wing               Defense                  Defense                  
   Jesperi Kotkaniemi       Josh Leivo               Steve Bernier            Jacob Larsson            Jacob MacDonald          

Goaltenders
Starting : Mitch Gillam             
Backup : John Muse                

Extra Forwards
Normal : Emil Pettersson, Logan Brown, Matt Read - PP : Emil Pettersson, Logan Brown - PK : Matt Read
Extra Defensemen
Normal : Matt Irwin, Logan Stanley, Andrew Campbell - PP : Matt Irwin - PK : Logan Stanley, Andrew Campbell
Penalty Shots
Steve Bernier, Jesperi Kotkaniemi, Josh Leivo, Sam Carrick, T.J. Tynan

Scratches
Brett Sutter (Right Forearm Injury), Rob O'Gara (Healthy), Vincent LoVerde (Healthy), Rourke Chartier (Healthy), Yannick Weber (Healthy)
Landon Ferraro (Healthy), Hampus Gustafsson (Healthy), Zane McIntyre (Healthy), Jake Paterson (Healthy)

% Time on Ice - Texas Stars

Lines # - Real PCT - Wanted PCT - Time Play
Normal Forward
1 - 35% - 40% - 18:48
2 - 27% - 30% - 14:14
3 - 17% - 20% - 9:16
4 - 20% - 10% - 10:51
Normal Defense
1 - 39% - 40% - 20:53
2 - 33% - 30% - 17:24
3 - 21% - 20% - 11:07
4 - 7% - 10% - 3:45
PP Forward
1 - 69% - 60% - 1:41
2 - 31% - 40% - 0:45
PP Defense
1 - 67% - 60% - 1:38
2 - 33% - 40% - 0:48
PK Forward
1 - 69% - 60% - 3:03
2 - 31% - 40% - 1:22
PK Defense
1 - 50% - 60% - 2:12
2 - 50% - 40% - 2:13
PK3 Forward
1 - 0% - 60%
2 - 0% - 40%
PK3 Defense
1 - 0% - 60%
2 - 0% - 40%
44 Forward
1 - 0% - 60%
2 - 0% - 40%
44 Defense
1 - 0% - 60%
2 - 0% - 40%
Last Minute Offensive  - 0:00
Last Minute Defensive  - 0:00
Total
Forward - 60:00
Defense - 60:00

% Time on Ice - Seattle Thunderbirds

Lines # - Real PCT - Wanted PCT - Time Play
Normal Forward
1 - 35% - 40% - 18:49
2 - 30% - 30% - 16:07
3 - 20% - 20% - 10:44
4 - 14% - 10% - 7:29
Normal Defense
1 - 38% - 40% - 20:16
2 - 33% - 30% - 17:30
3 - 23% - 20% - 12:13
4 - 6% - 10% - 3:10
PP Forward
1 - 56% - 60% - 2:29
2 - 44% - 40% - 1:56
PP Defense
1 - 60% - 60% - 2:39
2 - 40% - 40% - 1:46
PK Forward
1 - 95% - 60% - 2:18
2 - 5% - 40% - 0:08
PK Defense
1 - 69% - 60% - 1:41
2 - 31% - 40% - 0:45
PK3 Forward
1 - 0% - 60%
2 - 0% - 40%
PK3 Defense
1 - 0% - 60%
2 - 0% - 40%
44 Forward
1 - 0% - 60%
2 - 0% - 40%
44 Defense
1 - 0% - 60%
2 - 0% - 40%
Last Minute Offensive  - 0:00
Last Minute Defensive  - 0:00
Total
Forward - 60:00
Defense - 60:00

Play-by-Play

1st period


0:01 of 1st period - Jesperi Kotkaniemi wins face-off versus Connor Brickley in neutral zone.
0:04 of 1st period - Snap shot by Josh Leivo.
0:04 of 1st period - Stopped by Malcolm Subban with a rebound.
0:16 of 1st period - Jacob MacDonald and Glenn Gawdin fight to a draw.
0:16 of 1st period - Penalty to Jacob MacDonald for Fighting.
0:16 of 1st period - Penalty to Glenn Gawdin for Fighting.
0:17 of 1st period - Sam Carrick wins face-off versus Luke Johnson in neutral zone.
0:42 of 1st period - Matt Read is hit by Laurent Dauphin and loses puck.
0:49 of 1st period - Snap shot by Phil Varone.
0:49 of 1st period - Stopped by Mitch Gillam with a rebound.
0:51 of 1st period - Slapshot by Francois Beauchemin.
0:51 of 1st period - Shot Misses the Net.
0:53 of 1st period - Wrist shot by Laurent Dauphin.
0:53 of 1st period - Shot Blocked by Emil Pettersson.
1:11 of 1st period - Backhand shot by Josh Leivo.
1:11 of 1st period - Stopped by Malcolm Subban without a rebound.
1:12 of 1st period - Logan Brown wins face-off versus Ty Dellandrea in Texas Stars zone.
1:15 of 1st period - Slapshot by Steve Bernier.
1:15 of 1st period - Shot Misses the Net.
1:18 of 1st period - Icing by Tobias Lindberg.
1:19 of 1st period - Logan Brown wins face-off versus Ty Dellandrea in Texas Stars zone.
1:47 of 1st period - Logan Brown is hit by Spencer Smallman.
1:55 of 1st period - Snap shot by Peter Cehlarik.
1:55 of 1st period - Stopped by Malcolm Subban with a rebound.
1:57 of 1st period - Minor Penalty to Spencer Smallman for Hooking.
1:58 of 1st period - Sam Carrick wins face-off versus Michael Dal Colle in Texas Stars zone.
1:59 of 1st period - Slapshot by T.J. Tynan.
1:59 of 1st period - Stopped by Malcolm Subban without a rebound.
2:00 of 1st period - Sam Carrick wins face-off versus Connor Brickley in Texas Stars zone.
2:14 of 1st period - Slapshot by Jacob Larsson.
2:14 of 1st period - Goal by Jacob Larsson - Texas Stars : 0 - Seattle Thunderbirds : 1.
2:15 of 1st period - Jesperi Kotkaniemi wins face-off versus Connor Brickley in neutral zone.
2:24 of 1st period - Wrist shot by Josh Leivo.
2:24 of 1st period - Stopped by Malcolm Subban without a rebound.
2:25 of 1st period - Connor Brickley wins face-off versus Jesperi Kotkaniemi in Texas Stars zone.
2:40 of 1st period - Wrist shot by Connor Brickley.
2:40 of 1st period - Shot Blocked by Jacob Larsson.
2:54 of 1st period - Ryan Murphy is hit by Matt Irwin and loses puck.
3:13 of 1st period - Wrist shot by Connor Brickley.
3:13 of 1st period - Stopped by Mitch Gillam with a rebound.
3:15 of 1st period - Wrist shot by Laurent Dauphin.
3:15 of 1st period - Stopped by Mitch Gillam with a rebound.
3:17 of 1st period - Snap shot by Colin Blackwell.
3:17 of 1st period - Stopped by Mitch Gillam with a rebound.
3:19 of 1st period - Snap shot by Ryan Murphy.
3:19 of 1st period - Stopped by Mitch Gillam with a rebound.
3:27 of 1st period - Snap shot by Connor Brickley.
3:27 of 1st period - Shot Misses the Net.
3:29 of 1st period - Slapshot by Cal Foote.
3:29 of 1st period - Shot Blocked by Josh Leivo.
3:31 of 1st period - Snap shot by Colin Blackwell.
3:31 of 1st period - Shot Blocked by Josh Leivo.
3:33 of 1st period - Slapshot by Cal Foote.
3:33 of 1st period - Shot Misses the Net.
3:37 of 1st period - Snap shot by Laurent Dauphin.
3:37 of 1st period - Deflect By Matt Irwin.
3:37 of 1st period - Shot Misses the Net.
3:37 of 1st period - Puck is out of play.
3:38 of 1st period - Luke Johnson wins face-off versus Sam Carrick in Seattle Thunderbirds zone.
3:49 of 1st period - Snap shot by Josh Currie.
3:49 of 1st period - Stopped by Mitch Gillam with a rebound.
4:41 of 1st period - Snap shot by Peter Cehlarik.
4:41 of 1st period - Shot Misses the Net.
4:43 of 1st period - Wrist shot by Logan Brown.
4:43 of 1st period - Stopped by Malcolm Subban without a rebound.
4:44 of 1st period - Emil Pettersson wins face-off versus Ty Dellandrea in Texas Stars zone.
5:26 of 1st period - Minor Penalty to Cal Foote for Interference.
5:27 of 1st period - Jesperi Kotkaniemi wins face-off versus Connor Brickley in Texas Stars zone.
5:41 of 1st period - Snap shot by Jesperi Kotkaniemi.
5:41 of 1st period - Shot Misses the Net.
7:26 of 1st period - Penalty to Cal Foote is over, Cal Foote is back on ice.
7:40 of 1st period - Slapshot by Brad Hunt.
7:40 of 1st period - Shot Blocked by Brooks Macek.
7:54 of 1st period - Matt Irwin is hit by Laurent Dauphin and loses puck.
8:06 of 1st period - Icing by Brad Hunt.
8:07 of 1st period - Laurent Dauphin wins face-off versus Logan Brown in Texas Stars zone.
8:37 of 1st period - Connor Brickley is hit by Matt Tennyson and loses puck.
10:10 of 1st period - Icing by Cal Foote.
10:11 of 1st period - Glenn Gawdin wins face-off versus Emil Pettersson in Texas Stars zone.
10:11 of 1st period - Glenn Gawdin is hit by Emil Pettersson.
10:17 of 1st period - Jacob Larsson is hit by Cal Foote and loses puck.
10:42 of 1st period - Wrist shot by Glenn Gawdin.
10:42 of 1st period - Stopped by Mitch Gillam with a rebound.
10:44 of 1st period - Snap shot by Connor Brickley.
10:44 of 1st period - Shot Blocked by Josh Leivo.
10:46 of 1st period - Wrist shot by Glenn Gawdin.
10:46 of 1st period - Stopped by Mitch Gillam with a rebound.
10:52 of 1st period - Glenn Gawdin is hit by Steve Bernier and loses puck.
11:03 of 1st period - Sam Carrick is hit by Cal Foote.
11:09 of 1st period - Snap shot by Laurent Dauphin.
11:09 of 1st period - Deflect By Phil Varone.
11:09 of 1st period - Shot Misses the Net.
11:09 of 1st period - Puck is out of play.
11:10 of 1st period - Emil Pettersson wins face-off versus Luke Johnson in Seattle Thunderbirds zone.
11:25 of 1st period - Slapshot by Matt Read.
11:25 of 1st period - Shot Blocked by Luke Johnson.
11:43 of 1st period - Icing by T.J. Tynan.
11:44 of 1st period - Michael Dal Colle wins face-off versus Sam Carrick in Seattle Thunderbirds zone.
11:49 of 1st period - Wrist shot by Phil Varone.
11:49 of 1st period - Shot Misses the Net.
12:01 of 1st period - Backhand shot by Sam Carrick.
12:01 of 1st period - Stopped by Malcolm Subban without a rebound.
12:02 of 1st period - Glenn Gawdin wins face-off versus Jesperi Kotkaniemi in Texas Stars zone.
12:09 of 1st period - Wrist shot by Connor Brickley.
12:09 of 1st period - Stopped by Mitch Gillam with a rebound.
12:11 of 1st period - Wrist shot by Connor Brickley.
12:11 of 1st period - Deflect By Glenn Gawdin.
12:11 of 1st period - Shot Misses the Net.
12:11 of 1st period - Puck is out of play.
12:12 of 1st period - Jesperi Kotkaniemi wins face-off versus Connor Brickley in Seattle Thunderbirds zone.
12:33 of 1st period - Snap shot by Glenn Gawdin.
12:33 of 1st period - Stopped by Mitch Gillam without a rebound.
12:34 of 1st period - Sam Carrick wins face-off versus Luke Johnson in Seattle Thunderbirds zone.
12:34 of 1st period - Sam Carrick is hit by Luke Witkowski.
13:32 of 1st period - Icing by Francois Beauchemin.
13:33 of 1st period - Jesperi Kotkaniemi wins face-off versus Phil Varone in Texas Stars zone.
13:36 of 1st period - Snap shot by Josh Leivo.
13:36 of 1st period - Shot Blocked by Francois Beauchemin.
13:38 of 1st period - Wrist shot by Steve Bernier.
13:38 of 1st period - Stopped by Malcolm Subban with a rebound.
14:40 of 1st period - Snap shot by Josh Leivo.
14:40 of 1st period - Stopped by Malcolm Subban with a rebound.
14:42 of 1st period - Slapshot by Jesperi Kotkaniemi.
14:42 of 1st period - Goal by Jesperi Kotkaniemi - Texas Stars : 0 - Seattle Thunderbirds : 2.
14:43 of 1st period - Sam Carrick wins face-off versus Luke Johnson in neutral zone.
14:52 of 1st period - Snap shot by T.J. Tynan.
14:52 of 1st period - Deflect By Stefan Noesen.
14:52 of 1st period - Stopped by Malcolm Subban without a rebound.
14:53 of 1st period - Luke Johnson wins face-off versus Sam Carrick in Texas Stars zone.
14:53 of 1st period - Luke Johnson is hit by Matt Tennyson.
14:59 of 1st period - Wrist shot by Josh Currie.
14:59 of 1st period - Shot Blocked by Sam Carrick.
15:13 of 1st period - Backhand shot by T.J. Tynan.
15:13 of 1st period - Shot Misses the Net.
15:15 of 1st period - Slapshot by Joey LaLeggia.
15:15 of 1st period - Shot Misses the Net.
15:41 of 1st period - Snap shot by Stefan Noesen.
15:41 of 1st period - Shot Blocked by Cal Foote.
15:43 of 1st period - Wrist shot by T.J. Tynan.
15:43 of 1st period - Goal by T.J. Tynan - Texas Stars : 0 - Seattle Thunderbirds : 3.
15:44 of 1st period - Josh Leivo wins face-off versus Connor Brickley in neutral zone.
15:59 of 1st period - Backhand shot by Jesperi Kotkaniemi.
15:59 of 1st period - Shot Blocked by Connor Brickley.
16:15 of 1st period - Snap shot by Matt Read.
16:15 of 1st period - Goal by Matt Read - Texas Stars : 0 - Seattle Thunderbirds : 4.
16:15 of 1st period - Nick Schneider enters game.
16:16 of 1st period - Connor Brickley wins face-off versus Jesperi Kotkaniemi in neutral zone.
16:28 of 1st period - Steve Bernier and Colin Blackwell fight to a draw.
16:28 of 1st period - Penalty to Steve Bernier for Fighting.
16:28 of 1st period - Penalty to Colin Blackwell for Fighting.
16:28 of 1st period - Penalty to Steve Bernier for instigated a fight.
16:28 of 1st period - Penalty to Steve Bernier for instigated a fight.
16:29 of 1st period - Matt Read wins face-off versus Connor Brickley in Seattle Thunderbirds zone.
16:56 of 1st period - Jacob MacDonald is hit by Josh Currie and loses puck.
17:03 of 1st period - Wrist shot by Luke Johnson.
17:03 of 1st period - Shot Misses the Net.
17:05 of 1st period - Wrist shot by Luke Witkowski.
17:05 of 1st period - Shot Blocked by Jacob MacDonald.
17:41 of 1st period - T.J. Tynan is hit by Connor Brickley and loses puck.
18:28 of 1st period - Penalty to Steve Bernier is over, Stefan Noesen is send on ice.
18:32 of 1st period - Cal Foote is hit by Logan Brown and loses puck.
18:48 of 1st period - Matt Irwin is hit by Spencer Smallman.
19:14 of 1st period - Joey LaLeggia is hit by Luke Johnson and loses puck.
Goals for this period are 0 for Texas Stars vs 4 for Seattle Thunderbirds.
Shots for this period are 10 for Texas Stars vs 14 for Seattle Thunderbirds.

2nd period


0:01 of 2nd period - Jesperi Kotkaniemi wins face-off versus Connor Brickley in neutral zone.
0:03 of 2nd period - Josh Leivo and Connor Brickley fight to a draw.
0:03 of 2nd period - Penalty to Josh Leivo for Fighting.
0:03 of 2nd period - Penalty to Connor Brickley for Fighting.
0:04 of 2nd period - Laurent Dauphin wins face-off versus Jesperi Kotkaniemi in neutral zone.
0:07 of 2nd period - Snap shot by Glenn Gawdin.
0:07 of 2nd period - Goal by Glenn Gawdin - Texas Stars : 1 - Seattle Thunderbirds : 4.
0:08 of 2nd period - Laurent Dauphin wins face-off versus Jesperi Kotkaniemi in neutral zone.
0:25 of 2nd period - Logan Brown is hit by Glenn Gawdin.
0:39 of 2nd period - Off-side.
0:40 of 2nd period - Ty Dellandrea wins face-off versus Sam Carrick in neutral zone.
0:53 of 2nd period - Snap shot by Stefan Noesen.
0:53 of 2nd period - Stopped by Nick Schneider with a rebound.
1:05 of 2nd period - Matt Irwin is hit by Glenn Gawdin and loses puck.
1:15 of 2nd period - Off-side.
1:16 of 2nd period - Sam Carrick wins face-off versus Laurent Dauphin in neutral zone.
1:26 of 2nd period - Snap shot by T.J. Tynan.
1:26 of 2nd period - Shot Blocked by Glenn Gawdin.
1:42 of 2nd period - Jacob MacDonald is hit by Luke Witkowski.
1:45 of 2nd period - Icing by Emil Pettersson.
1:46 of 2nd period - Jesperi Kotkaniemi wins face-off versus Luke Johnson in Seattle Thunderbirds zone.
2:33 of 2nd period - Snap shot by Emil Pettersson.
2:33 of 2nd period - Stopped by Nick Schneider without a rebound.
2:34 of 2nd period - Colin Blackwell wins face-off versus Sam Carrick in Texas Stars zone.
2:50 of 2nd period - Snap shot by Colin Blackwell.
2:50 of 2nd period - Stopped by Mitch Gillam with a rebound.
5:20 of 2nd period - Icing by Emil Pettersson.
5:21 of 2nd period - Emil Pettersson wins face-off versus Luke Johnson in Seattle Thunderbirds zone.
5:37 of 2nd period - Off-side.
5:38 of 2nd period - Sam Carrick wins face-off versus Connor Brickley in neutral zone.
5:59 of 2nd period - Wrist shot by Josh Currie.
5:59 of 2nd period - Shot Misses the Net.
6:16 of 2nd period - Icing by Luke Witkowski.
6:17 of 2nd period - Luke Johnson wins face-off versus Logan Brown in Texas Stars zone.
7:02 of 2nd period - Snap shot by Peter Cehlarik.
7:02 of 2nd period - Shot Blocked by Laurent Dauphin.
7:04 of 2nd period - Wrist shot by Logan Brown.
7:04 of 2nd period - Deflect By Peter Cehlarik.
7:04 of 2nd period - Stopped by Nick Schneider without a rebound.
7:05 of 2nd period - Laurent Dauphin wins face-off versus Sam Carrick in Texas Stars zone.
7:05 of 2nd period - Phil Varone is hit by Stefan Noesen and loses puck.
7:14 of 2nd period - Snap shot by T.J. Tynan.
7:14 of 2nd period - Stopped by Nick Schneider with a rebound.
7:16 of 2nd period - Snap shot by T.J. Tynan.
7:16 of 2nd period - Stopped by Nick Schneider with a rebound.
7:18 of 2nd period - Slapshot by Sam Carrick.
7:18 of 2nd period - Deflect By Stefan Noesen.
7:18 of 2nd period - Shot Misses the Net.
7:18 of 2nd period - Puck is out of play.
7:19 of 2nd period - Sam Carrick wins face-off versus Connor Brickley in Texas Stars zone.
7:42 of 2nd period - Icing by Matt Tennyson.
7:43 of 2nd period - Luke Johnson wins face-off versus Jesperi Kotkaniemi in Seattle Thunderbirds zone.
7:56 of 2nd period - Snap shot by Josh Currie.
7:56 of 2nd period - Shot Blocked by Jesperi Kotkaniemi.
8:37 of 2nd period - Snap shot by Luke Witkowski.
8:37 of 2nd period - Stopped by Mitch Gillam without a rebound.
8:38 of 2nd period - Emil Pettersson wins face-off versus Connor Brickley in Seattle Thunderbirds zone.
8:45 of 2nd period - Snap shot by Matt Read.
8:45 of 2nd period - Stopped by Nick Schneider with a rebound.
8:51 of 2nd period - Brooks Macek is hit by Colin Blackwell.
9:05 of 2nd period - Ryan Murphy is hit by T.J. Tynan and loses puck.
9:10 of 2nd period - Wrist shot by Stefan Noesen.
9:10 of 2nd period - Goal by Stefan Noesen - Texas Stars : 1 - Seattle Thunderbirds : 5.
9:11 of 2nd period - Sam Carrick wins face-off versus Connor Brickley in neutral zone.
9:36 of 2nd period - Luke Johnson is hit by Matt Read and loses puck.
9:43 of 2nd period - Backhand shot by Matt Read.
9:43 of 2nd period - Stopped by Nick Schneider without a rebound.
9:44 of 2nd period - Jesperi Kotkaniemi wins face-off versus Connor Brickley in Texas Stars zone.
9:47 of 2nd period - Slapshot by Jesperi Kotkaniemi.
9:47 of 2nd period - Shot Blocked by Francois Beauchemin.
9:49 of 2nd period - Snap shot by Matt Tennyson.
9:49 of 2nd period - Stopped by Nick Schneider with a rebound.
9:51 of 2nd period - Slapshot by Joey LaLeggia.
9:51 of 2nd period - Shot Misses the Net.
9:53 of 2nd period - Snap shot by Emil Pettersson.
9:53 of 2nd period - Shot Misses the Net.
9:55 of 2nd period - Slapshot by Joey LaLeggia.
9:55 of 2nd period - Stopped by Nick Schneider with a rebound.
9:57 of 2nd period - Snap shot by Emil Pettersson.
9:57 of 2nd period - Shot Misses the Net.
9:59 of 2nd period - Slapshot by Joey LaLeggia.
9:59 of 2nd period - Shot Blocked by Cale Fleury.
10:06 of 2nd period - Icing by Francois Beauchemin.
10:07 of 2nd period - Connor Brickley wins face-off versus Sam Carrick in Texas Stars zone.
10:12 of 2nd period - Backhand shot by Luke Johnson.
10:12 of 2nd period - Stopped by Mitch Gillam without a rebound.
10:13 of 2nd period - Luke Johnson wins face-off versus Sam Carrick in Seattle Thunderbirds zone.
10:16 of 2nd period - Wrist shot by Luke Johnson.
10:16 of 2nd period - Deflect By Josh Currie.
10:16 of 2nd period - Shot Misses the Net.
10:16 of 2nd period - Puck is out of play.
10:17 of 2nd period - Luke Johnson wins face-off versus Sam Carrick in Seattle Thunderbirds zone.
10:30 of 2nd period - Wrist shot by T.J. Tynan.
10:30 of 2nd period - Deflect By Luke Witkowski.
10:30 of 2nd period - Stopped by Nick Schneider with a rebound.
10:32 of 2nd period - Snap shot by Sam Carrick.
10:32 of 2nd period - Shot Blocked by Josh Currie.
11:06 of 2nd period - Snap shot by Logan Brown.
11:06 of 2nd period - Shot Misses the Net.
11:28 of 2nd period - 10 Minutes Misconduct Penalty to Steve Bernier is over.
11:43 of 2nd period - Slapshot by Jesperi Kotkaniemi.
11:43 of 2nd period - Shot Misses the Net.
11:45 of 2nd period - Slapshot by Jesperi Kotkaniemi.
11:45 of 2nd period - Shot Misses the Net.
11:47 of 2nd period - Snap shot by Joey LaLeggia.
11:47 of 2nd period - Deflect By Jesperi Kotkaniemi.
11:47 of 2nd period - Stopped by Nick Schneider without a rebound.
11:48 of 2nd period - Matt Read wins face-off versus Luke Johnson in Texas Stars zone.
11:53 of 2nd period - Snap shot by Matt Read.
11:53 of 2nd period - Deflect By Brooks Macek.
11:53 of 2nd period - Stopped by Nick Schneider with a rebound.
11:55 of 2nd period - Slapshot by Matt Read.
11:55 of 2nd period - Stopped by Nick Schneider with a rebound.
12:49 of 2nd period - Wrist shot by T.J. Tynan.
12:49 of 2nd period - Stopped by Nick Schneider with a rebound.
12:58 of 2nd period - Off-side.
12:59 of 2nd period - Ty Dellandrea wins face-off versus Emil Pettersson in neutral zone.
13:23 of 2nd period - Matt Read is hit by Ryan Murphy and loses puck.
14:11 of 2nd period - Off-side.
14:12 of 2nd period - Connor Brickley wins face-off versus Jesperi Kotkaniemi in neutral zone.
14:39 of 2nd period - Snap shot by Sam Carrick.
14:39 of 2nd period - Stopped by Nick Schneider with a rebound.
14:41 of 2nd period - Wrist shot by Stefan Noesen.
14:41 of 2nd period - Goal by Stefan Noesen - Texas Stars : 1 - Seattle Thunderbirds : 6.
14:42 of 2nd period - Jesperi Kotkaniemi wins face-off versus Connor Brickley in neutral zone.
14:58 of 2nd period - Off-side.
14:59 of 2nd period - Sam Carrick wins face-off versus Luke Johnson in neutral zone.
14:59 of 2nd period - Cal Foote beats up Andrew Campbell.
14:59 of 2nd period - Penalty to Andrew Campbell for Fighting.
14:59 of 2nd period - Penalty to Cal Foote for Fighting.
15:00 of 2nd period - Jesperi Kotkaniemi wins face-off versus Connor Brickley in neutral zone.
15:25 of 2nd period - Ryan Murphy is hit by Sam Carrick and loses puck.
15:52 of 2nd period - Phil Varone is hit by Joey LaLeggia and loses puck.
16:07 of 2nd period - Snap shot by Jesperi Kotkaniemi.
16:07 of 2nd period - Stopped by Nick Schneider with a rebound.
16:31 of 2nd period - Snap shot by Glenn Gawdin.
16:31 of 2nd period - Stopped by Mitch Gillam without a rebound.
16:32 of 2nd period - Sam Carrick wins face-off versus Connor Brickley in Seattle Thunderbirds zone.
16:37 of 2nd period - Slapshot by Jacob Larsson.
16:37 of 2nd period - Deflect By T.J. Tynan.
16:37 of 2nd period - Shot Blocked by Francois Beauchemin.
16:37 of 2nd period - Puck is out of play.
16:38 of 2nd period - Stefan Noesen wins face-off versus Connor Brickley in Texas Stars zone.
16:39 of 2nd period - Wrist shot by Sam Carrick.
16:39 of 2nd period - Goal by Sam Carrick - Texas Stars : 1 - Seattle Thunderbirds : 7.
16:40 of 2nd period - Jesperi Kotkaniemi wins face-off versus Connor Brickley in neutral zone.
17:05 of 2nd period - Sam Carrick is hit by Luke Johnson and loses puck.
17:17 of 2nd period - Icing by Stefan Noesen.
17:18 of 2nd period - T.J. Tynan wins face-off versus Laurent Dauphin in Seattle Thunderbirds zone.
17:45 of 2nd period - Sam Carrick and Francois Beauchemin fight to a draw.
17:45 of 2nd period - Penalty to Sam Carrick for Fighting.
17:45 of 2nd period - Penalty to Francois Beauchemin for Fighting.
17:46 of 2nd period - Glenn Gawdin wins face-off versus Jesperi Kotkaniemi in Texas Stars zone.
18:01 of 2nd period - Wrist shot by Jesperi Kotkaniemi.
18:01 of 2nd period - Shot Misses the Net.
18:13 of 2nd period - Joshua Jacobs is hit by T.J. Tynan and loses puck.
18:22 of 2nd period - Snap shot by Stefan Noesen.
18:22 of 2nd period - Stopped by Nick Schneider with a rebound.
18:38 of 2nd period - Matt Tennyson is hit by Ty Dellandrea and loses puck.
18:59 of 2nd period - Emil Pettersson is hit by Luke Witkowski and loses puck.
19:04 of 2nd period - Wrist shot by Michael Dal Colle.
19:04 of 2nd period - Shot Misses the Net.
19:06 of 2nd period - Slapshot by Cale Fleury.
19:06 of 2nd period - Shot Blocked by Jacob MacDonald.
19:08 of 2nd period - Snap shot by Michael Dal Colle.
19:08 of 2nd period - Stopped by Mitch Gillam with a rebound.
19:25 of 2nd period - Jacob Larsson is hit by Ryan Murphy and loses puck.
19:42 of 2nd period - Jesperi Kotkaniemi is hit by Spencer Smallman and loses puck.
19:57 of 2nd period - Emil Pettersson is hit by Michael Dal Colle.
Goals for this period are 1 for Texas Stars vs 3 for Seattle Thunderbirds.
Shots for this period are 6 for Texas Stars vs 20 for Seattle Thunderbirds.

3rd period


0:01 of 3rd period - Jesperi Kotkaniemi wins face-off versus Connor Brickley in neutral zone.
0:49 of 3rd period - Slapshot by Brad Hunt.
0:49 of 3rd period - Shot Misses the Net.
0:51 of 3rd period - Slapshot by Brad Hunt.
0:51 of 3rd period - Deflect By Spencer Smallman.
0:51 of 3rd period - Shot Misses the Net.
0:51 of 3rd period - Puck is out of play.
0:52 of 3rd period - Ty Dellandrea wins face-off versus Jesperi Kotkaniemi in Seattle Thunderbirds zone.
0:53 of 3rd period - Snap shot by Spencer Smallman.
0:53 of 3rd period - Shot Misses the Net.
1:27 of 3rd period - Brad Hunt is hit by Brooks Macek and loses puck.
1:38 of 3rd period - Snap shot by Colin Blackwell.
1:38 of 3rd period - Shot Misses the Net.
1:40 of 3rd period - Snap shot by Joshua Jacobs.
1:40 of 3rd period - Shot Blocked by T.J. Tynan.
1:42 of 3rd period - Snap shot by Brad Hunt.
1:42 of 3rd period - Stopped by Mitch Gillam with a rebound.
1:44 of 3rd period - Snap shot by Josh Currie.
1:44 of 3rd period - Goal by Josh Currie - Texas Stars : 2 - Seattle Thunderbirds : 7.
1:45 of 3rd period - Jesperi Kotkaniemi wins face-off versus Connor Brickley in neutral zone.
1:45 of 3rd period - Steve Bernier and Glenn Gawdin fight to a draw.
1:45 of 3rd period - Penalty to Steve Bernier for Fighting.
1:45 of 3rd period - Penalty to Glenn Gawdin for Fighting.
1:46 of 3rd period - Jesperi Kotkaniemi wins face-off versus Connor Brickley in neutral zone.
1:53 of 3rd period - Wrist shot by Josh Leivo.
1:53 of 3rd period - Deflect By Colin Blackwell.
1:53 of 3rd period - Stopped by Nick Schneider with a rebound.
1:55 of 3rd period - Slapshot by Andrew Campbell.
1:55 of 3rd period - Stopped by Nick Schneider with a rebound.
1:57 of 3rd period - Wrist shot by Jesperi Kotkaniemi.
1:57 of 3rd period - Shot Misses the Net.
1:59 of 3rd period - Wrist shot by Jesperi Kotkaniemi.
1:59 of 3rd period - Shot Blocked by Cal Foote.
2:01 of 3rd period - Slapshot by Andrew Campbell.
2:01 of 3rd period - Deflect By Jesperi Kotkaniemi.
2:01 of 3rd period - Shot Blocked by Connor Brickley.
2:01 of 3rd period - Puck is out of play.
2:02 of 3rd period - T.J. Tynan wins face-off versus Luke Johnson in Texas Stars zone.
2:27 of 3rd period - Snap shot by Laurent Dauphin.
2:27 of 3rd period - Stopped by Mitch Gillam with a rebound.
2:29 of 3rd period - Slapshot by Cale Fleury.
2:29 of 3rd period - Stopped by Mitch Gillam without a rebound.
2:30 of 3rd period - Jesperi Kotkaniemi wins face-off versus Connor Brickley in Seattle Thunderbirds zone.
2:47 of 3rd period - Colin Blackwell is hit by Logan Brown and loses puck.
3:10 of 3rd period - Wrist shot by Colin Blackwell.
3:10 of 3rd period - Stopped by Mitch Gillam with a rebound.
3:26 of 3rd period - Backhand shot by Laurent Dauphin.
3:26 of 3rd period - Shot Misses the Net.
3:28 of 3rd period - Slapshot by Laurent Dauphin.
3:28 of 3rd period - Deflect By Connor Brickley.
3:28 of 3rd period - Stopped by Mitch Gillam with a rebound.
3:30 of 3rd period - Slapshot by Brad Hunt.
3:30 of 3rd period - Stopped by Mitch Gillam without a rebound.
3:31 of 3rd period - Emil Pettersson wins face-off versus Luke Johnson in Seattle Thunderbirds zone.
3:31 of 3rd period - Emil Pettersson is hit by Luke Witkowski.
4:19 of 3rd period - Snap shot by Michael Dal Colle.
4:19 of 3rd period - Deflect By Phil Varone.
4:19 of 3rd period - Stopped by Mitch Gillam with a rebound.
5:09 of 3rd period - Sam Carrick is hit by Michael Dal Colle and loses puck.
5:40 of 3rd period - Tobias Lindberg is hit by Logan Stanley and loses puck.
6:05 of 3rd period - Cale Fleury is hit by Jacob Larsson and loses puck.
7:36 of 3rd period - Cal Foote is hit by Jacob MacDonald and loses puck.
8:38 of 3rd period - Minor Penalty to Ty Dellandrea for Hooking.
8:39 of 3rd period - Jesperi Kotkaniemi wins face-off versus Connor Brickley in Texas Stars zone.
8:48 of 3rd period - Wrist shot by Jesperi Kotkaniemi.
8:48 of 3rd period - Goal by Jesperi Kotkaniemi - Texas Stars : 2 - Seattle Thunderbirds : 8.
8:49 of 3rd period - Jesperi Kotkaniemi wins face-off versus Glenn Gawdin in neutral zone.
8:52 of 3rd period - Connor Brickley is hit by Jacob MacDonald.
8:58 of 3rd period - Wrist shot by Cal Foote.
8:58 of 3rd period - Stopped by Mitch Gillam with a rebound.
9:00 of 3rd period - Wrist shot by Glenn Gawdin.
9:00 of 3rd period - Shot Misses the Net.
9:02 of 3rd period - Slapshot by Ryan Murphy.
9:02 of 3rd period - Deflect By Colin Blackwell.
9:02 of 3rd period - Texas Stars goal is going for a video replay.
9:02 of 3rd period - The goal is good.
9:02 of 3rd period - Goal by Colin Blackwell - Texas Stars : 3 - Seattle Thunderbirds : 8.
9:03 of 3rd period - Jesperi Kotkaniemi wins face-off versus Connor Brickley in neutral zone.
9:18 of 3rd period - Slapshot by Jesperi Kotkaniemi.
9:18 of 3rd period - Shot Misses the Net.
9:28 of 3rd period - Cal Foote is hit by T.J. Tynan and loses puck.
9:33 of 3rd period - Snap shot by Stefan Noesen.
9:33 of 3rd period - Stopped by Nick Schneider without a rebound.
9:34 of 3rd period - Sam Carrick wins face-off versus Luke Johnson in Texas Stars zone.
11:03 of 3rd period - Wrist shot by Josh Currie.
11:03 of 3rd period - Stopped by Mitch Gillam without a rebound.
11:04 of 3rd period - Luke Johnson wins face-off versus Jesperi Kotkaniemi in Seattle Thunderbirds zone.
11:29 of 3rd period - Cale Fleury is hit by Sam Carrick and loses puck.
11:44 of 3rd period - Minor Penalty to Francois Beauchemin for Goalie Interference.
11:45 of 3rd period - Connor Brickley wins face-off versus Jesperi Kotkaniemi in Texas Stars zone.
13:04 of 3rd period - Luke Witkowski is hit by Steve Bernier and loses puck.
13:27 of 3rd period - Luke Johnson is hit by Sam Carrick.
13:37 of 3rd period - Slapshot by Brooks Macek.
13:37 of 3rd period - Stopped by Nick Schneider with a rebound.
13:39 of 3rd period - Snap shot by Logan Brown.
13:39 of 3rd period - Shot Misses the Net.
13:41 of 3rd period - Backhand shot by Brooks Macek.
13:41 of 3rd period - Shot Misses the Net.
13:43 of 3rd period - Snap shot by Joey LaLeggia.
13:43 of 3rd period - Shot Blocked by Colin Blackwell.
13:44 of 3rd period - Penalty to Francois Beauchemin is over, Francois Beauchemin is back on ice.
13:45 of 3rd period - Wrist shot by Brooks Macek.
13:45 of 3rd period - Stopped by Nick Schneider without a rebound.
13:46 of 3rd period - Ty Dellandrea wins face-off versus Emil Pettersson in Texas Stars zone.
13:55 of 3rd period - Slapshot by Ryan Murphy.
13:55 of 3rd period - Shot Misses the Net.
13:57 of 3rd period - Snap shot by Ty Dellandrea.
13:57 of 3rd period - Shot Blocked by Matt Read.
13:59 of 3rd period - Snap shot by Ryan Murphy.
13:59 of 3rd period - Deflect By Tobias Lindberg.
13:59 of 3rd period - Stopped by Mitch Gillam with a rebound.
14:01 of 3rd period - Snap shot by Spencer Smallman.
14:01 of 3rd period - Stopped by Mitch Gillam with a rebound.
14:11 of 3rd period - Michael Dal Colle is hit by Steve Bernier and loses puck.
14:18 of 3rd period - Logan Brown is hit by Francois Beauchemin and loses puck.
15:06 of 3rd period - Ty Dellandrea is hit by Jacob MacDonald and loses puck.
15:25 of 3rd period - Ty Dellandrea is hit by Jacob Larsson and loses puck.
15:50 of 3rd period - Wrist shot by Glenn Gawdin.
15:50 of 3rd period - Stopped by Mitch Gillam with a rebound.
15:56 of 3rd period - Minor Penalty to Matt Irwin for Holding.
15:57 of 3rd period - Steve Bernier wins face-off versus Connor Brickley in Seattle Thunderbirds zone.
16:05 of 3rd period - Off-side.
16:06 of 3rd period - Connor Brickley wins face-off versus Steve Bernier in neutral zone.
16:17 of 3rd period - Slapshot by Glenn Gawdin.
16:17 of 3rd period - Stopped by Mitch Gillam with a rebound.
16:21 of 3rd period - Wrist shot by Colin Blackwell.
16:21 of 3rd period - Shot Blocked by Steve Bernier.
16:23 of 3rd period - Snap shot by Glenn Gawdin.
16:23 of 3rd period - Goal by Glenn Gawdin - Texas Stars : 4 - Seattle Thunderbirds : 8.
16:24 of 3rd period - Connor Brickley wins face-off versus Sam Carrick in neutral zone.
16:37 of 3rd period - Snap shot by Glenn Gawdin.
16:37 of 3rd period - Shot Misses the Net.
16:39 of 3rd period - Slapshot by Colin Blackwell.
16:39 of 3rd period - Stopped by Mitch Gillam with a rebound.
17:45 of 3rd period - Slapshot by T.J. Tynan.
17:45 of 3rd period - Shot Misses the Net.
18:01 of 3rd period - Backhand shot by Brad Hunt.
18:01 of 3rd period - Deflect By Jacob Larsson.
18:01 of 3rd period - Stopped by Mitch Gillam with a rebound.
18:07 of 3rd period - Jacob Larsson is hit by Colin Blackwell and loses puck.
18:25 of 3rd period - Wrist shot by Josh Currie.
18:25 of 3rd period - Shot Misses the Net.
18:56 of 3rd period - Icing by Tobias Lindberg.
18:57 of 3rd period - Laurent Dauphin wins face-off versus Jesperi Kotkaniemi in Texas Stars zone.
19:58 of 3rd period - Ty Dellandrea beats up Josh Leivo.
19:58 of 3rd period - Penalty to Josh Leivo for Fighting.
19:58 of 3rd period - Penalty to Ty Dellandrea for Fighting.
19:59 of 3rd period - Jesperi Kotkaniemi wins face-off versus Connor Brickley in Seattle Thunderbirds zone.
Goals for this period are 3 for Texas Stars vs 1 for Seattle Thunderbirds.
Shots for this period are 18 for Texas Stars vs 6 for Seattle Thunderbirds.